 Dungeon Crawl Stone Soup version 0.24-a0-525-g9231cdcba1 (webtiles) character file.

Game seed: 7335556665771547919

20171 roadtolairDD the Schismatic (level 12, 73/118 HPs)
             Began as a Deep Dwarf Abyssal Knight on Aug 1, 2019.
             Was an Elder of Lugonu.
             Quit the game on level 1 of the Lair of Beasts.
             The game lasted 00:11:38 (7178 turns).

roadtolairDD the Schismatic (DDAK)                  Turns: 7178, Time: 00:11:38

Health: 73/118     AC: 17    Str: 20    XL:     12   Next: 43%
Magic:  6/10       EV: 12    Int: 14    God:    Lugonu [****..]
Gold:   603        SH:  0    Dex: 17    Spells: 11/11 levels left

rFire    + . .     SeeInvis .   G - +1 war axe
rCold    . . .     Gourm    .   (no shield)
rNeg     . . .     Faith    .   v - +0 chain mail
rPois    .         Spirit   .   u - +2 helmet
rElec    .         Reflect  .   A - +0 cloak
rCorr    .         Harm     .   x - +0 pair of gloves
MR       +....                  q - +0 pair of boots (curse)
Stlth    ..........             (no amulet)
HPRegen  0.00/turn              H - ring of protection from fire
MPRegen  0.12/turn              w - +5 ring of dexterity

@: non-regenerating
A: damage resistance, heal wounds, sense surroundings 2, no regeneration
a: Heal Wounds, Depart the Abyss, Bend Space, Banish, Corrupt, Renounce Religion


You were on level 1 of the Lair of Beasts.
You worshipped Lugonu.
Lugonu was greatly pleased with you.
You were not hungry.

You visited 2 branches of the dungeon, and saw 10 of its levels.
You visited the Abyss 1 time.
You also visited: Ossuary.

You collected 603 gold pieces.

Inventory:

Hand Weapons
 G - a +1 war axe (weapon)
Missiles
 h - a throwing net (quivered) {!f}
Armour
 q - a cursed +0 pair of boots (worn)
 u - a +2 helmet (worn)
 v - a +0 chain mail (worn)
 x - a +0 pair of gloves (worn)
 A - a +0 cloak (worn)
Jewellery
 c - an uncursed ring of resist corrosion
 k - an uncursed ring of positive energy
 w - a +5 ring of dexterity (right hand)
 H - a ring of protection from fire (left hand)
Wands
 a - a wand of acid (5)
 d - a wand of digging (7)
 t - a wand of iceblast (5)
 y - a wand of flame (17)
 C - a wand of polymorph (7)
Scrolls
 b - 2 scrolls of teleportation {@r3 !r}
 f - 2 scrolls of remove curse {@r2}
 i - a scroll of fear {!r}
 j - 2 scrolls of immolation
 r - a scroll of magic mapping {@r5 !r}
Potions
 g - a potion of mutation
 n - 2 potions of magic
 o - a potion of lignification {@q6}
 p - 2 potions of heal wounds {@q2 !q}
 s - 3 potions of degeneration
 z - 3 potions of flight
 B - 2 potions of ambrosia
 D - 3 potions of brilliance
 E - 4 potions of curing {@q1 !q}
Comestibles
 e - 10 rations
 l - a chunk of flesh


   Skills:
 + Level 10.9 Fighting
 * Level 10.3 Axes
 + Level 7.2 Armour
 + Level 7.0 Dodging
 + Level 13.5 Invocations


You had 11 spell levels left.
You didn't know any spells.
Your spell library contained the following spells:

 Spells                   Type           Power        Failure   Level  Hunger
 Magic Dart               Conj           #...         94%         1    ##.....
 Searing Ray              Conj           #.....       98%         2    ###....
 Dazzling Spray           Conj/Hex       #.....       100%        3    ####...
 Force Lance              Conj/Tloc      #.......     100%        4    #####..
 Fulminant Prism          Conj/Hex       #.........   100%        4    #####..
 Iskenderun's Mystic Bla  Conj           #.......     100%        4    #####..


Dungeon Overview and Level Annotations

Branches:
Dungeon (9/15)             Temple (0/1) D:6            Lair (1/6) D:9
    Orc: D:9-12

Altars:
Elyvilon
Fedhas
Kikubaaqudgha
Vehumet
The Shining One

Shops:
D:5 %

Annotations:
D:7 1 runed translucent door, Stajl's ghost, novice VSFi
Abyss:1 Duvessa


Innate Abilities, Weirdness & Mutations

You are resistant to damage.
You can heal yourself by infusing magical energy.
You passively map the area around you.
You do not regenerate.


Message History

The hound zombie bites you but does no damage.
You slice the hound zombie!!
You destroy the hound zombie!
Lugonu accepts your kill.
You completely miss the scorpion. The wight hits you but does no damage.
The scorpion stings you but does no damage.
You barely miss the basilisk.
The basilisk is moderately wounded.
You barely miss the scorpion. The wight hits you but does no damage.
The scorpion stings you but does no damage.
The basilisk gazes at you. You resist with almost no effort.
You slash the basilisk!
The basilisk is heavily wounded.
You hit the scorpion. The wight hits you but does no damage.
The scorpion stings you but does no damage.
The basilisk gazes at you. You resist with almost no effort.
You closely miss the basilisk.
The basilisk is heavily wounded.
You barely miss the scorpion.
The wight hits you from afar with a +3 spear.
The scorpion stings you but does no damage.
The basilisk gazes at you. You resist with almost no effort.
You slash the basilisk!
The basilisk is almost dead.
You completely miss the scorpion. The wight hits you but does no damage.
The scorpion stings you but does no damage.
The basilisk bites you.
You closely miss the basilisk.
The basilisk is almost dead.
You hit the scorpion but do no damage. The wight hits you but does no damage.
The scorpion stings you but does no damage.
The basilisk bites you but does no damage.
You slash the basilisk!
You kill the basilisk!
Lugonu accepts your kill.
You closely miss the scorpion. The wight hits you but does no damage.
The scorpion barely misses you.
You hit the scorpion.
The scorpion is moderately wounded.
The wight hits you but does no damage.
The scorpion stings you but does no damage.
You completely miss the scorpion.
The scorpion is moderately wounded.
The wight completely misses you.
The scorpion stings you but does no damage.
You hit the scorpion.
The scorpion is severely wounded.
Your transformation is almost over.
The wight hits you but does no damage. The scorpion stings you.
You hit the scorpion but do no damage.
The scorpion is severely wounded.
The wight barely misses you. The scorpion stings you.
You hit the scorpion.
The scorpion is almost dead.
The wight hits you but does no damage.
The scorpion stings you but does no damage.
You completely miss the scorpion.
The scorpion is almost dead.
The wight barely misses you.
The scorpion stings you but does no damage.
You slash the scorpion!
You kill the scorpion!
Lugonu accepts your kill.
Your life force feels restored.
The wight hits you but does no damage.
You cannot move.
You cannot move.
You cannot move.
You cannot move.
You cannot move.
You cannot move.
You cannot move.
The wight hits you but does no damage. The wight hits you but does no damage.
The wight hits you but does no damage.
A wight is nearby!
Press: ? - help, Shift-Dir - straight line, f - wight
Aim: a wight, wielding a +3 spear and wearing a +0 robe (chance to defeat MR: 88%)
The wight is devoured by a tear in reality.
Lugonu claims a new guest.
You are feeling hungry.
You can no longer gate yourself to the Abyss.
You start resting.
Eating one of 2 chunks of flesh.
You eat one of the 2 chunks of flesh.
This raw flesh tastes terrible.
You feel less wooden.
Your +0 cloak unmelds from your body.
Your +2 helmet unmelds from your body.
Your +0 pair of gloves unmelds from your body.
Your cursed +0 pair of boots unmelds from your body.
Your +0 chain mail unmelds from your body.
Items here: )))) [[[[ †††
Found a staircase to the Lair.
You see here a bullfrog corpse.
There is a staircase to the Lair here.
You climb downwards.
Welcome to the Lair of Beasts!
Found a stone staircase leading down.
There is a staircase back to the Dungeon here.
Are you sure you want to abandon this character and quit the game? (Confirm with "yes".)

, ,, ** ,,*
#........# * ,
*##........ ,
,* *#........#
* **#........#
, * , ,
#........# ,
** * ,
#........#.. ,
* #.........#
, * *
#...@....# ,
*, * *,
*##.........#,
* ****
#.........#, ,
, ##.......##
* #>......#* ,
, , *
#.......#* ,
,, * *
**.......## ,
* , , ........
* , , , ,


There were no monsters in sight!

Vanquished Creatures
  An elephant (D:9)
  A hippogriff (D:9)
  5 yaks (D:6)
  A basilisk (D:9)
  2 hungry ghosts (D:8)
  Edmund (D:4)
  A phantom (D:7)
  3 ice beasts (D:8)
  A sky beast (D:8)
  A black bear (D:6)
  2 ogres
  2 necrophages
  2 centaurs
  A crocodile (D:9)
  3 bullfrogs
  5 water moccasin zombies (Ossuary)
  Dowan (D:4)
  3 scorpions
  A water moccasin skeleton (D:5)
  2 jellies
  4 killer bees (D:9)
  4 wights (D:9)
  A howler monkey (D:8)
  4 crimson imps
  2 hounds
  3 orc priests
  5 orc wizards
  A bullfrog skeleton (D:4)
  2 centaur skeletons
  3 iguanas
  9 worker ants
  2 big kobold zombies (Ossuary)
  3 hound zombies
  2 mummies (Ossuary)
  11 adders
  7 gnolls
  A shadow imp (D:5)
  2 adder skeletons
  4 adder zombies
  2 worms
  6 leopard geckos
  31 orcs
  5 bats
  4 giant cockroaches (D:2)
  5 goblins
  10 hobgoblins
  4 jackals
  8 quokkas
  A ball python (D:2)
  3 frilled lizards
  4 hobgoblin zombies (Ossuary)
  A jackal zombie (D:6)
  7 kobolds
  5 kobold zombies (Ossuary)
  8 orc zombies (Ossuary)
  A quokka zombie (D:9)
  5 rats
219 creatures vanquished.

Vanquished Creatures (others)
  2 two-headed ogres (D:9)
  A spriggan (D:8)
  A hungry ghost (D:9)
  An orc warrior (D:8)
  A sky beast (D:5)
  4 ogres
  A wight (D:9)
  A hobgoblin (D:3)
  3 toadstools (D:1)
15 creatures vanquished.

Grand Total: 234 creatures vanquished

Notes
Turn   | Place    | Note
-------+----------+-------------------------------------------
     0 | Abyss:1  | roadtolairDD the Deep Dwarf Abyssal Knight began the quest
                  | for the Orb.
     0 | Abyss:1  | Reached XP level 1. HP: 20/20 MP: 2/2
    16 | D:1      | Escaped the Abyss
   193 | D:1      | Reached XP level 2. HP: 21/27 MP: 3/3
   817 | D:2      | Reached skill level 3 in Invocations
   817 | D:2      | Reached XP level 3. HP: 33/33 MP: 5/5
   835 | D:2      | Reached ** piety under Lugonu
  1195 | D:2      | Reached XP level 4. HP: 36/42 MP: 6/6
  1769 | D:3      | Found a radiant altar of Vehumet.
  1869 | D:3      | Reached XP level 5. HP: 49/49 MP: 6/6
  1887 | D:3      | Reached *** piety under Lugonu
  2234 | D:4      | Noticed an ogre
  2235 | D:4      | Banished an ogre
  2384 | D:4      | Reached skill level 4 in Invocations
  2384 | D:4      | Reached XP level 6. HP: 54/56 MP: 5/7
  2526 | D:4      | Noticed Edmund
  2543 | D:4      | Killed Edmund
  2574 | D:4      | Reached skill level 5 in Axes
  2636 | D:4      | Reached XP level 7. HP: 63/63 MP: 6/6
  2923 | D:4      | Noticed Duvessa
  2925 | D:4      | Noticed Dowan
  2933 | D:4      | Banished Duvessa
  2965 | D:4      | Killed Dowan
  2965 | D:4      | Reached skill level 5 in Invocations
  3025 | D:4      | Found an ancient bone altar of Kikubaaqudgha.
  3238 | D:4      | Found a white marble altar of Elyvilon.
  3343 | D:5      | Entered Level 5 of the Dungeon
  3488 | D:5      | Reached XP level 8. HP: 72/73 MP: 7/7
  3502 | D:5      | Found Eraucis's Food Emporium.
  3724 | D:5      | Found a glowing golden altar of the Shining One.
  4096 | D:6      | Reached skill level 5 in Armour
  4096 | D:6      | Reached skill level 6 in Invocations
  4116 | D:6      | Reached skill level 5 in Dodging
  4140 | D:6      | Reached skill level 5 in Fighting
  4151 | D:6      | Gained mutation: You passively map the area around you.
                  | [Deep Dwarf growth]
  4151 | D:6      | Reached XP level 9. HP: 78/81 MP: 6/8
  4215 | D:6      | Reached **** piety under Lugonu
  4298 | D:6      | Found a staircase to the Ecumenical Temple.
  4486 | D:6      | Reached skill level 7 in Invocations
  5243 | D:7      | Found a runed translucent door.
  5246 | D:7      | Noticed Stajl's ghost (novice VSFi)
  5775 | D:8      | Found a sand-covered staircase.
  5828 | Ossuary  | Entered an ossuary
  5977 | Ossuary  | Reached ***** piety under Lugonu
  6177 | D:8      | Reached skill level 8 in Invocations
  6247 | D:8      | Reached XP level 10. HP: 68/91 MP: 7/7
  6965 | D:9      | Found a blossoming altar of Fedhas.
  6966 | D:9      | Noticed a two-headed ogre
  6967 | D:9      | Banished a two-headed ogre
  6984 | D:9      | Reached skill level 10 in Axes
  7062 | D:9      | Noticed an elephant
  7066 | D:9      | Noticed a two-headed ogre
  7084 | D:9      | Reached skill level 10 in Fighting
  7084 | D:9      | Reached XP level 11. HP: 110/110 MP: 6/6
  7085 | D:9      | Reached skill level 13 in Invocations
  7085 | D:9      | Reached XP level 12. HP: 118/118 MP: 6/11
  7099 | D:9      | Banished a two-headed ogre
  7168 | D:9      | Found a staircase to the Lair.
  7177 | Lair:1   | Entered Level 1 of the Lair of Beasts
  7178 | Lair:1   | Quit the game

Levels and vault maps discovered:
D:1:      dpeg_arrival_fog, layout_loops_ring, minmay_gold_behind_fungi,
          kennysheep_boxes
D:2:      layout_loops_corners, first_ration
D:3:      layout_basic, fiery_altar_vehumet
D:4:      minmay_opposing_rooms, layout_loops_corners, kennysheep_mini,
          lemuel_tele_altar, uniq_edmund, uniq_duvessa
D:5:      layout_rooms, old_standard_altar, serial_shops, shop
D:6:      layout_basic, minmay_temple_entry_glass
D:7:      layout_basic, ebering_ghost_reflecting_pool
D:8:      layout_loops_ring, nicolae_ossuary_entry_plus, the_bakery
D:9:      layout_basic, old_standard_altar, nicolae_overflow_crystal_walls,
          lemuel_doored_altar, david_lair_generic
Lair:1:   layout_hall_layers, gammafunk_ghost_necromancy,
          grunt_forest_large_clearing_hut

Skill      XL: |  1  2  3  4  5  6  7  8  9 10 11 12 |
---------------+-------------------------------------+-----
Axes           | 3 4 5 6 7 9 10 | 10.3
Invocations    | 3 4 5 6 8 13 | 13.5
Fighting       | 3 4 5 6 10 | 10.9
Dodging        | 2 3 4 5 6 7 |  7.0
Armour         | 3 4 5 6 7 |  7.2

Action                   |  1- 3 |  4- 6 |  7- 9 | 10-12 || total
-------------------------+-------+-------+-------+-------++-------
Melee: Hand axe          |   118 |   123 |   862 |    72 ||  1175
       War axe           |       |       |       |   130 ||   130
Invok: Banish            |       |     1 |     7 |     5 ||    13
       Bend Space        |       |     4 |       |       ||     4
 Abil: Heal Wounds       |     3 |     7 |    19 |     3 ||    32
Evoke: Wand              |       |     4 |       |       ||     4
  Use: Scroll            |       |     6 |    14 |     2 ||    22
       Potion            |       |     3 |     5 |     5 ||    13
 Stab: Sleeping          |       |     1 |       |       ||     1
  Eat: Chunk             |     1 |     5 |    14 |     8 ||    28
       Ration            |       |       |     3 |     1 ||     4
Armor: Leather armour    |    31 |    22 |       |       ||    53
       Skin              |       |    61 |    43 |    82 ||   186
       Chain mail        |       |    16 |   406 |    71 ||   493
Dodge: Dodged            |    89 |    75 |   368 |    88 ||   620

Table legend:
 A = Non-vault XP
 B = Vault XP
 C = Vault XP percentage of total XP
 D = Non-vault monster count
 E = Vault monster count
 F = Vault count percentage of total count
                 A         B        C        D         E       F
            +---------+---------+-------+---------+---------+-------
      Total |    7182 |    2074 |  22.4 |     188 |      43 |  18.6
            +---------+---------+-------+---------+---------+-------
        D:1 |      37 |       0 |   0.0 |      20 |       0 |   0.0
        D:2 |      81 |       0 |   0.0 |      21 |       0 |   0.0
        D:3 |     178 |       0 |   0.0 |      18 |       0 |   0.0
        D:4 |     552 |     390 |  41.4 |      18 |       9 |  33.3
        D:5 |     577 |       0 |   0.0 |      22 |       0 |   0.0
        D:6 |    1713 |       0 |   0.0 |      27 |       0 |   0.0
        D:7 |     373 |       0 |   0.0 |       9 |       0 |   0.0
        D:8 |    1522 |     145 |   8.7 |      31 |       1 |   3.1
        D:9 |    2149 |    1022 |  32.2 |      22 |       4 |  15.4
    Ossuary |       0 |     517 | 100.0 |       0 |      29 | 100.0
            +---------+---------+-------+---------+---------+-------
